 Dungeon Crawl Stone Soup version 0.31-a0-1009-g454b1f1e0a (webtiles) character file.

Game seed: 167230551766774862

357 Essalna the Digger (level 6, 0/37 HPs)
             Began as a Gargoyle Earth Elementalist on Nov 14, 2023.
             Slain by a gnoll
             ... wielding a +0 club
              (5 damage)
             ... on level 4 of the Dungeon.
             The game lasted 00:08:22 (3780 turns).

Essalna the Digger (Gargoyle Earth Elementalist)    Turns: 3780, Time: 00:08:22

Health: 0/37       AC:  7    Str: 12    XL:     6   Next: 64%
Magic:  9/11       EV: 11    Int: 17    God:
Gold:   145        SH:  0    Dex: 10    Spells: 8/12 levels left

rFire   . . .        e - +7 sceptre of Torment {pain, torment}
rCold   . . .        (no shield)
rNeg    + . .        a - +1 robe
rPois   ∞            (no helmet)
rElec   +            (no cloak)
rCorr   .            (no gloves)
SInv    .            (no boots)
Will    .....        (no amulet)
Stlth   ++           (no ring)
HPRegen 0.26/turn    (no ring)
MPRegen 0.12/turn

%: no passive effects
@: no status effects
A: sickness immunity, AC +4, negative energy resistance 1, electricity
resistance, torment resistance 1, petrification resistance
a: no special abilities


You were on level 4 of the Dungeon.
You visited 1 branch of the dungeon, and saw 4 of its levels.

You collected 145 gold pieces.

Inventory:

Hand Weapons
 e - the +7 sceptre of Torment (weapon) {pain, torment}
   (You found it on level 4 of the Dungeon)
Armour
 a - a +1 robe (worn)
Magical Staves
 c - a staff of poison
Scrolls
 i - a scroll of identify
Potions
 b - a potion of magic
 d - 2 potions of might
 f - 2 potions of curing {unknown}
 h - a potion of ambrosia {unknown}
 j - a potion of invisibility {unknown}


   Skills:
 + Level 3.5 Fighting
 - Level 1.5 Dodging
 - Level 2.1 Stealth
 + Level 3.5 Spellcasting
 + Level 2.8 Conjurations
 - Level 0.7 Transmutations
 + Level 5.4 Earth Magic


You had 8 spell levels left.
You knew the following spells:

 Your Spells              Type           Power      Damage    Failure   Level
a - Sandblast             Erth           42%        2d11      1%          1
b - Stone Arrow           Conj/Erth      34%        3d9       9%          3

Your spell library contained the following spells:

 Spells                   Type           Power      Damage    Failure   Level
 Passwall                 Tmut/Erth      10%        N/A       7%          2
 Momentum Strike          Conj/Tloc      14%        3d8       14%         2
 Freeze                   Ice            12%        1d3       17%         1
 Blink                    Tloc           6%         N/A       26%         2
 Lesser Beckoning         Tloc           6%         N/A       26%         2
 Hailstorm                Conj/Ice       7%         3d4       28%         3
 Brom's Barrelling Bould  Conj/Erth      17%        2d4       30%         4
 Petrify                  Tmut/Erth      13%        N/A       43%         4
 Frozen Ramparts          Ice            6%         1d1       45%         3
 Iskenderun's Battlesphe  Conj           12%        2d7       82%         5
 Bombard                  Conj/Erth      8%         9d2       99%         6
 Spellforged Servitor     Conj/Summ      3%         N/A       100%        7


Dungeon Overview and Level Annotations

Branches:
Dungeon (4/15)
 Temple: D:4-7

Altars:
Nemelex Xobeh
Qazlal

Annotations:
D:3 3 runed translucent doors, Nitrous's ghost, amateur DEFE


Innate Abilities, Weirdness & Mutations

You are immune to sickness and miasma.
Your stone body is resilient. (AC +4)
You are immune to poison.
You resist negative energy. (rN+)
You are resistant to electric shocks. (rElec)
You are resistant to unholy torment.
You are immune to petrification.


Message History

Okay, then.
You see here a +0 club.
Found a stone staircase leading up.
You hear the rapid rusting of a drain very nearby.
You open the door.
Found a sparkling altar of Nemelex Xobeh.
There is an open door here.
Found a scroll labelled LINYUB OGOILIUSS.
As you open the door, it creaks loudly!
You hear a shout! x2
A gnoll comes into view. It is wielding a +0 club.
A gnoll opens the door.
Casting: Sandblast (safe; 1% risk of failure)
Confirm with . or Enter, or press ? or * to list all spells.
Aiming: Sandblast (safe; 1% risk of failure)
Press: ? - help, Shift-Dir - straight line, f - gnoll
Aim: a gnoll, wielding a +0 club (85% to hit)
The blast of sand hits the gnoll!
The gnoll is almost dead.
A gnoll comes into view. It is wielding a +0 halberd.
Casting: Sandblast (safe; 1% risk of failure)
Confirm with . or Enter, or press ? or * to list all spells.
Aiming: Sandblast (safe; 1% risk of failure)
Press: ? - help, Shift-Dir - straight line, f/p - gnoll
Aim: a gnoll, wielding a +0 club (severely wounded, 85% to hit)
The blast of sand hits the gnoll.
The gnoll is almost dead.
The gnoll hits you but does no damage.
A gnoll comes into view. It is wielding a +0 club.
The gnoll attacks as it pursues you! The gnoll barely misses you.
You open the door.
The gnoll shouts!
The gnoll hits you from afar with a +0 halberd!
* * * LOW HITPOINT WARNING * * *
There is an open door here.
The gnoll attacks as it pursues you! The gnoll misses you.
A hobgoblin comes into view.
The hobgoblin shouts!
The gnoll attacks as it pursues you! The gnoll closely misses you.
The gnoll attacks as it pursues you! The gnoll hits you with a +0 club.
You die...

###.####.###.#
...# #.....#
##### #+###g#
. ##g#
#.#..#####
#.#g.g...#
#....##.##
#.#g.##.##
#.#@.....# #
#<.#####
.........#
#.###.#.##
...#.# ### #.#
#.# #.# #.#


You could see 4 gnolls and a hobgoblin.

Vanquished Creatures
  A sky beast (D:3)
  An orc priest (D:4)
  Natasha (thrice) (D:3)
  An orc wizard (D:4)
  3 adders
  4 worms
  6 dart slugs
  4 orcs (D:4)
  8 ball pythons
  4 endoplasms
  5 giant cockroaches
  6 goblins
  7 hobgoblins
  5 jackals
  7 kobolds
  4 quokkas
  6 bats
  2 frilled lizards
  4 rats
81 creatures vanquished.

Notes
Turn   | Place    | Note
-------+----------+-------------------------------------------
     0 | D:1      | Essalna the Gargoyle Earth Elementalist began the quest for
                  | the Orb.
     0 | D:1      | Reached XP level 1. HP: 10/10 MP: 3/3
   156 | D:1      | Reached XP level 2. HP: 16/16 MP: 0/5
   240 | D:1      | Reached skill level 1 in Fighting
   297 | D:1      | Reached skill level 4 in Earth Magic
   459 | D:1      | Reached XP level 3. HP: 20/20 MP: 4/6
   552 | D:1      | Learned a level 3 spell: Stone Arrow
  2039 | D:3      | Found a faded altar of an unknown god.
  2093 | D:3      | Reached XP level 4. HP: 26/26 MP: 0/7
  2221 | D:3      | Reached skill level 1 in Conjurations
  2632 | D:3      | Found a runed translucent gate.
  2634 | D:3      | Found a runed translucent gate.
  2635 | D:3      | Found a runed translucent gate.
  2635 | D:3      | Identified the +7 whip of Bodily Harmony {freeze, Fly Str+4
                  | Int-3}
  2635 | D:3      | Identified the +0 chain mail of Katsouj {rPois Regen+}
  2635 | D:3      | Noticed Nitrous's ghost (amateur DEFE)
  2752 | D:3      | Found a stormy altar of Qazlal.
  2752 | D:3      | Noticed a sky beast
  2752 | D:3      | Noticed Natasha
  2757 | D:3      | Killed Natasha
  2758 | D:3      | Reached XP level 5. HP: 29/31 MP: 5/9
  2762 | D:3      | Killed a sky beast
  2763 | D:3      | Reached skill level 5 in Earth Magic
  2902 | D:3      | Noticed Natasha
  2910 | D:3      | Killed Natasha
  2911 | D:3      | Reached XP level 6. HP: 8/37 MP: 5/10
  3096 | D:3      | Noticed Natasha
  3100 | D:3      | Killed Natasha
  3235 | D:4      | Found the +7 sceptre of Torment {pain, torment}
  3757 | D:4      | Found a sparkling altar of Nemelex Xobeh.
  3780 | D:4      | Slain by a gnoll

Illustrated notes

Levels and vault maps discovered:
D:1:      psy_arrival_conway, layout_basic
D:2:      layout_basic, hangedman_decor_push
D:3:      minmay_general_purpose_star, layout_rooms,
          nicolae_qazlal_beasts_of_the_sky, shapermc_ecumenical_altar_venn,
          biasface_ghost_orc_armoury, palyth_stone_intersect, uniq_natasha
D:4:      layout_basic, mainiacjoe_overflow_six_doors_small,
          gup_sewer_entry_spiral

Skill      XL: |  1  2  3  4  5 |
---------------+----------------+-----
Fighting       | 1 2 3 |  3.5
Earth Magic    | 4 5 |  5.4
Conjurations   | 1 2 |  2.8
Spellcasting   | 3 |  3.5
Dodging        | |  1.5
Stealth        | |  2.1
Transmutations | |  0.7

Action                     |  1- 3 |  4- 6 || total
---------------------------+-------+-------++-------
  Melee: Unarmed           |    26 |    26 ||    52
         Eveningstar       |       |    17 ||    17
   Cast: Sandblast         |    63 |    59 ||   122
    Use: Scroll            |       |     4 ||     4
   Stab: Sleeping          |       |     2 ||     2
 Armour: Robe              |    25 |    59 ||    84
  Dodge: Dodged            |    30 |    47 ||    77

Table legend: (Time is in decaauts)
 A = Elapsed time spent in this place.
 B = Non-inter-level travel time spent in this place.
 C = Inter-level travel time spent in this place.
 D = Time resting spent in this place.
 E = Time spent auto-exploring this place.
 F = Levels seen in this place.
 G = Mean time per level.
                   A        B        C        D        E       F      G
               +--------+--------+--------+--------+--------+-----+--------+
         Total |   3878 |   3580 |    298 |      0 |   3020 |   4 |  969.5 |
       Dungeon |   3878 |   3580 |    298 |      0 |   3020 |   4 |  969.5 |
               +--------+--------+--------+--------+--------+-----+--------+

Top non-repeatable levels by time:
     D:3: 1262 daAuts
     D:2: 1171 daAuts
     D:1: 834 daAuts
     D:4: 609 daAuts
